Map: Ascension to Aiur LE

Players

CinDra - Winner!

  • Race: Protoss Protoss
  • Spawn Location: 11:00

A.I. 1 (Very Easy)

  • Race: Zerg Zerg
  • Spawn Location: 5:00

VOD

Have the link to the VOD?

Description

Time

  • Played on: Jan. 17, 2018, 10:53 p.m.
  • Length: 8:30
Show
View Real Time Build Order
Export as new Build Order

CinDra Protoss - Winner!

Build Orders:  

Get SALT Encoding   

  12  0:01  Probe (Chrono Boost)  
  14  0:14  Probe (Chrono Boost)  
  14  0:25  Pylon, Probe  
  15  0:44  Probe  
  15  0:48  Gateway  
  16  0:52  Assimilator  
  16  0:56  Probe  
  17  1:08  Probe (Chrono Boost)  
  19  1:19  Probe (Chrono Boost)  
  19  1:23  Probe (Chrono Boost)  
  20  1:37  Probe  
  20  1:38  Cybernetics Core  
  21  1:49  Probe  
  21  1:50  Pylon  
  23  2:01  Probe (Chrono Boost)  
  23  2:13  Probe (Chrono Boost)  
  24  2:19  Probe (Chrono Boost)  
  24  2:20  Adept  
  24  2:21  Nexus  
  27  2:27  Probe  
  28  2:31  Pylon  
  28  2:44  Probe  
  28  2:49  Adept  
  30  2:56  Probe  
  31  2:59  Warp Gate  
  31  3:04  Pylon  
  31  3:15  Probe (Chrono Boost)  
  32  3:20  Adept  
  32  3:24  Probe (Chrono Boost)  
  35  3:29  Probe (Chrono Boost)  
  36  3:45  Gateway  
  36  3:54  Probe (Chrono Boost)  
  38  4:00  Probe (Chrono Boost)  
  38  4:03  Adept  
  38  4:05  Probe (Chrono Boost)  
  38  4:09  Probe x2 (Chrono Boost)  
  42  4:16  Assimilator  
  43  4:19  Probe  
  43  4:21  Probe  
  46  4:31  Probe  
  46  4:33  Probe  
  46  4:36  Gateway  
  47  4:43  Probe  
  47  4:45  Adept x2, Probe  
  53  4:55  Probe  
  54  5:05  Probe (Chrono Boost)  
  55  5:12  Probe (Chrono Boost)  
  56  5:28  Gateway  
  56  5:33  Gateway  
  56  5:38  Gateway  
  56  5:48  Assimilator  
  56  5:50  Probe x2  
  56  5:53  Assimilator  
  58  6:05  Pylon  
  58  6:07  Pylon  
  58  6:17  Adept x2  
  62  6:28  Adept  
  64  6:57  Probe  
  64  6:58  Probe  
  66  7:09  Adept, Probe  
  66  7:10  Adept x4, Probe  
  78  7:37  Probe x2  
  78  7:49  Probe x2  
  78  8:26  Pylon  
  78  8:27  Pylon  
  78  8:29  Pylon  
  78  8:30  Pylon  
Show
View Real Time Build Order
Export as new Build Order

A.I. 1 (Very Easy) Zerg 

Build Orders: Pool First 

Get SALT Encoding   

  12  0:01  Drone  
  13  0:12  Overlord  
  13  0:17  Drone  
  14  0:35  Spawning Pool  
  13  0:38  Drone  
  13  0:41  Extractor  
  13  0:45  Drone  
  14  0:53  Overlord  
  14  1:22  Queen  
  14  1:23  Zergling x2  
  17  1:31  Roach Warren  
  16  1:34  Drone  
  16  1:37  Extractor  
  16  1:42  Drone  
  16  1:43  Zergling x2  
  18  1:55  Drone  
  19  2:03  Zergling x2  
  19  2:06  Drone  
  21  2:17  Drone  
  22  2:28  Drone  
  22  2:29  Overlord  
  23  2:35  Drone  
  24  2:42  Drone  
  25  4:16  Zergling x2  
  25  6:01  Roach, Lair, Drone  
  25  6:02  Overlord  
  28  6:08  Drone  
  29  6:16  Drone  
  30  6:23  Drone  
  31  6:30  Drone  
  31  6:43  Roach  
  31  6:59  Overseer  
  31  7:02  Overseer  
  31  7:15  Hatchery  
  30  7:25  Roach  
  28  7:46  Queen  
  28  7:54  Zergling x2  
  27  8:03  Drone  
  22  8:10  Drone  
  12  8:17  Drone  
Tags
 
Add a new tag
Caveats
  • Supply blocks, unpowered buildings, or Contaminate may cause inaccurate times.
  • Supply counts are checked every 10 seconds.